 Dungeon Crawl Stone Soup version 0.23-a0-151-gf6d1ed2 (webtiles) character file.

326 Gildeon the Poker (level 6, -20/49 HPs)
             Began as a Human Fighter on Sept 8, 2018.
             Was an Initiate of the Shining One.
             Demolished by an ogre
             ... wielding a +0 giant spiked club
              (23 damage)
             ... on level 4 of the Dungeon.
             The game lasted 00:12:59 (3366 turns).

Gildeon the Poker (Human Fighter)                   Turns: 3366, Time: 00:13:01

Health: -20/49     AC:  8    Str: 17    XL:     6   Next: 78%
Magic:  24/24      EV:  9    Int: 10    God:    the Shining One [......]
Gold:   143        SH:  0    Dex: 12    Spells: 5/5 levels left

rFire    + . .     SeeInvis .   d - +0 scythe
rCold    . . .     Gourm    .   (shield currently unavailable)
rNeg     . . .     Faith    .   o - +1 scale mail {rF+}
rPois    .         Spirit   .   (no helmet)
rElec    .         Reflect  .   (no cloak)
rCorr    .         Harm     .   (no gloves)
MR       .....                  (no boots)
Stlth    ..........             p - amulet of rage
HPRegen  0.16/turn              c - ring of magical power
MPRegen  0.19/turn              n - ring of magical power

@: glowing
A: no striking features
a: Renounce Religion, Evoke Berserk Rage


You were on level 4 of the Dungeon.
You worshipped the Shining One.
The Shining One was noncommittal.
You were not hungry.

You visited 1 branch of the dungeon, and saw 4 of its levels.

You collected 143 gold pieces.

Inventory:

Hand Weapons
 a - a +0 trident
 d - a +0 scythe (weapon)
Missiles
 s - 21 arrows
Armour
 o - a +1 scale mail of fire resistance (worn)
Jewellery
 c - a ring of magical power (left hand)
 n - a ring of magical power (right hand)
 p - an amulet of rage (around neck)
Wands
 j - a wand of digging (16)
Scrolls
 g - 3 scrolls of remove curse {unknown}
 i - a scroll of teleportation
 l - a scroll of enchant armour {unknown}
 t - a scroll of noise {unknown}
Potions
 b - a potion of heal wounds
 e - a potion of magic
 k - a potion of resistance {unknown}
 m - a potion of brilliance {unknown}
 q - 2 potions of curing
 r - a potion of degeneration {unknown}
Comestibles
 f - 8 rations


   Skills:
 + Level 4.3 Fighting
 * Level 4.9 Polearms
 + Level 4.3 Armour
   Level 3.0 Shields


You had 5 spell levels left.
You didn't know any spells.
Your spell library was empty.

Dungeon Overview and Level Annotations

Branches:
Dungeon (4/15)
 Temple: D:4-7

Altars:
Hepliaklqana
Kikubaaqudgha
Ru
The Shining One

Annotations:
D:3 1 runed door, galech's ghost, amateur DsMo


Message History

The ogre hits you with a giant spiked club! x2
You hit the ogre.
The ogre is heavily wounded.
The ogre barely misses you.
You hit the ogre.
The ogre is severely wounded.
The ogre hits you with a giant spiked club!
* * * LOW HITPOINT WARNING * * *
You hit the ogre.
The ogre is severely wounded.
The ogre hits you but does no damage.
You barely miss the ogre.
The ogre is severely wounded.
The ogre hits you with a giant spiked club.
* * * LOW HITPOINT WARNING * * *
The ogre barely misses you.
You hit the ogre.
The ogre is almost dead.
The ogre hits you with a giant spiked club!!
You die...

.###.###+# .###.(...#
.........# ####.....#
####.#####++######
.........#..#.##.#
.....###.#.##.##.#
......##.#.##.##.#
......##'#.##.##@# .#.
###...<....##.##O#.....
#.....................
#.....................
.......#+#.##.####..#...
.......# #.##... ......
.......# #.##..## ..#.O
###....# #.##... .#.#.
#....# ........ .# #


You could see an ogre.

Vanquished Creatures
  Sigmund (D:2)
  An orc priest (D:3)
  Jessica (D:2)
  4 adders
  3 worms
  4 dart slugs
  2 leopard geckos
  2 orcs (D:3)
  5 bats
  2 giant cockroaches (D:1)
  9 goblins
  9 hobgoblins
  7 jackals
  6 kobolds
  2 quokkas
  A ball python (D:1)
  2 frilled lizards
  6 rats
67 creatures vanquished.

Vanquished Creatures (others)
  A human (D:3)
1 creature vanquished.

Grand Total: 68 creatures vanquished

Notes
Turn   | Place    | Note
-------+----------+-------------------------------------------
     0 | D:1      | Gildeon the Human Fighter began the quest for the Orb.
     0 | D:1      | Reached XP level 1. HP: 18/18 MP: 1/1
   214 | D:1      | Reached XP level 2. HP: 24/24 MP: 2/2
   584 | D:1      | Reached XP level 3. HP: 29/29 MP: 3/3
  1169 | D:2      | Noticed Jessica
  1178 | D:2      | Killed Jessica
  1178 | D:2      | Reached XP level 4. HP: 29/35 MP: 4/4
  1523 | D:2      | Found an ancient bone altar of Kikubaaqudgha.
  1600 | D:2      | Reached XP level 5. HP: 36/42 MP: 5/5
  1818 | D:2      | Noticed Sigmund
  1839 | D:2      | Killed Sigmund
  1839 | D:2      | Reached XP level 6. HP: 48/48 MP: 6/6
  2319 | D:3      | Found an ancient bone altar of Kikubaaqudgha.
  2320 | D:3      | Noticed a human
  2322 | D:3      | Killed a human
  2614 | D:3      | Found a sacrificial altar of Ru.
  2842 | D:3      | Found a runed door.
  2842 | D:3      | Noticed galech's ghost (amateur DsMo)
  2918 | D:3      | Found a hazy altar of Hepliaklqana.
  3058 | D:3      | Found a glowing golden altar of the Shining One.
  3097 | D:3      | Became a worshipper of the Shining One
  3353 | D:4      | Noticed an ogre
  3366 | D:4      | Demolished by an ogre

Vault maps used:
D:1:      co_arrival_random_square_maze
D:2:      nicolae_overflow_crystal_walls, first_ration, corexii_hall_statues_l,
          uniq_sigmund, uniq_jessica
D:3:      overflow_temple_1_default, lemuel_coloured_pillars_altar,
          tso_oasis_becter, ebering_ghost_reflecting_pool, st_stairs_1,
          tgw_kikubaaqudgha
D:4:      old_standard_altar, kennysheep_opposing_triangles

Skill      XL: |  1  2  3  4  5 |
---------------+----------------+-----
Polearms       | 3 4 |  4.9
Fighting       | 4 |  4.3
Armour         | 4 |  4.3
Shields        | |  3.0

Action                   |  1- 3 |  4- 6 || total
-------------------------+-------+-------++-------
Melee: Trident           |   107 |    78 ||   185
       Scythe            |       |    77 ||    77
  Use: Scroll            |     5 |     3 ||     8
       Potion            |       |     3 ||     3
  Eat: Chunk             |     1 |     4 ||     5
       Ration            |       |     1 ||     1
Armor: Scale mail        |    37 |    63 ||   100
       Chain mail        |       |    18 ||    18
Dodge: Dodged            |    47 |    88 ||   135

Table legend:
 A = Non-vault XP
 B = Vault XP
 C = Vault XP percentage of total XP
 D = Non-vault monster count
 E = Vault monster count
 F = Vault count percentage of total count
                 A         B        C        D         E       F
            +---------+---------+-------+---------+---------+-------
      Total |     215 |     251 |  53.9 |      63 |       4 |   6.0
            +---------+---------+-------+---------+---------+-------
        D:1 |      43 |       0 |   0.0 |      22 |       0 |   0.0
        D:2 |      84 |     245 |  74.5 |      24 |       2 |   7.7
        D:3 |      88 |       6 |   6.4 |      17 |       2 |  10.5
            +---------+---------+-------+---------+---------+-------
